 Dungeon Crawl Stone Soup version 0.29-a0-993-g4a18f31a58 (webtiles) character file.

Game seed: 15551620465118933948

1747 siradein the Trooper (level 9, 0/72 HPs)
             Began as a Barachi Berserker on Aug 3, 2022.
             Was a Priest of Trog.
             Engulfed by a steam dragon's steam (10 damage)
             ... on level 6 of the Dungeon.
             The game lasted 00:18:21 (6003 turns).

siradein the Trooper (Barachi Berserker)            Turns: 6003, Time: 00:18:22

Health: 0/72       AC:  8    Str: 19    XL:     9   Next: 6%
Magic:  9/9        EV: 12    Int:  9    God:    Trog [***...]
Gold:   172        SH:  8    Dex: 16    Spells: 8/8 levels left

rFire   . . .      SeeInvis +   n - +4 dagger "Fiveaxue" {vamp, Drain Fly rN+ Int+2}
rCold   + . .      Faith    .   m - +0 kite shield
rNeg    + . .      Spirit   .   O - +1 ring mail {rC+}
rPois   +          Reflect  .   (no helmet)
rElec   .          Harm     .   d - +0 cloak
rCorr   .          Rampage  .   (no gloves)
Will    .....                   (no boots)
Stlth   +.........              (no amulet)
HPRegen 0.22/turn               f - ring of poison resistance
MPRegen 0.11/turn               M - ring of see invisible

@: flying, slow
A: amphibious, slowness 1, strong legs 1, +LOS
a: Hop, Renounce Religion, Berserk, Trog's Hand


You were on level 6 of the Dungeon.
You worshipped Trog.
Trog was most pleased with you.
You visited 1 branch of the dungeon, and saw 6 of its levels.

You collected 352 gold pieces.
You spent 180 gold pieces at shops.

Inventory:

Hand Weapons
 n - the +4 dagger "Fiveaxue" (weapon) {vamp, Drain Fly rN+ Int+2}
   (You found it on level 2 of the Dungeon)

   It occasionally heals its wielder for a portion of the damage dealt when it
   wounds a living foe.
   Int:       It affects your intelligence (+2).
   rN:        It protects you from negative energy.
   Fly:       It grants you flight.
   Drain:     It drains your maximum health when unequipped.
 F - a +0 long sword
 G - the +6 sling "Meraob" {flame, SInv}
   (You found it on level 4 of the Dungeon)

   Any ammunition fired from it burns those it strikes, dealing additional fire
   damage.
   SInv:      It lets you see invisible.
Missiles
 s - 3 silver boomerangs
 E - 21 stones (quivered)
Armour
 d - a +0 cloak (worn)
 m - a +0 kite shield (worn)
 O - a +1 ring mail of cold resistance (worn)
Jewellery
 f - a ring of poison resistance (left hand)
 t - a ring of fire
 C - a ring of ice
 J - an amulet of magic regeneration
 M - a ring of see invisible (right hand)
 N - a ring of flight
Wands
 b - a wand of light (12)
 v - a wand of polymorph (28)
 y - a wand of iceblast (11)
 K - a wand of mindburst (10)
Scrolls
 a - a scroll of summoning {unknown}
 c - 2 scrolls of teleportation
 g - a scroll of acquirement {unknown}
 i - 2 scrolls of blinking {unknown}
 l - 2 scrolls of fog
 o - a scroll of poison
 p - 2 scrolls of fear {unknown}
 q - a scroll of enchant weapon {unknown}
 x - a scroll of silence {unknown}
 H - 2 scrolls of torment {unknown}
 I - a scroll of magic mapping {unknown}
 L - a scroll of enchant armour {unknown}
Potions
 e - a potion of resistance
 h - 2 potions of flight {unknown}
 j - 3 potions of heal wounds
 r - 2 potions of mutation
 u - a potion of lignification {unknown}
 w - a potion of attraction {unknown}
 z - a potion of cancellation
 A - a potion of brilliance {unknown}
 B - a potion of magic {unknown}
 D - 4 potions of curing


   Skills:
 + Level 7.6 Fighting
 + Level 7.5 Long Blades
 + Level 7.1 Armour
 + Level 6.4 Dodging
 + Level 1.6 Shields


You had 8 spell levels left.
You didn't know any spells.
Your spell library was empty.

Dungeon Overview and Level Annotations

Branches:
Dungeon (6/15)             Temple (0/1) D:4

Altars:
Dithmenos
Gozag
Wu Jian
Yredelemnul
Zin

Shops:
D:3 =   D:6 (=


Innate Abilities, Weirdness & Mutations

You are amphibious.
You cover ground slowly.
You can hop short distances.
You have an extended range of vision and can be seen from far away.


Message History

You are too injured to fight recklessly!
You are too injured to fight recklessly!
You are too injured to fight recklessly!
You completely miss the steam dragon.
The steam dragon is moderately wounded.
The steam dragon misses you. The steam dragon closely misses you.
You hit the steam dragon but do no damage.
The steam dragon is moderately wounded.
You block the steam dragon's attack. x2
You hit the steam dragon.
The steam dragon is moderately wounded.
You block the steam dragon's attack. The steam dragon barely misses you.
You hit the steam dragon.
The steam dragon is heavily wounded.
The steam dragon bites you. You block the steam dragon's attack.
You hit the steam dragon but do no damage.
The steam dragon is heavily wounded.
The steam dragon bites you but does no damage.
The steam dragon claws you but does no damage.
You hit the steam dragon but do no damage.
The steam dragon is heavily wounded.
You block the steam dragon's attack. x2
You hit the steam dragon.
The steam dragon is severely wounded.
The steam dragon bites you.
The steam dragon claws you but does no damage.
You hit the steam dragon but do no damage.
The steam dragon is severely wounded.
The steam dragon breathes steam at you. The ball of steam hits you!
* * * LOW HITPOINT WARNING * * *
You barely miss the steam dragon.
The steam dragon is severely wounded.
You are engulfed in a cloud of scalding steam.
* * * LOW HITPOINT WARNING * * *
The steam dragon barely misses you. The steam dragon closely misses you.
You barely miss the steam dragon.
The steam dragon is severely wounded.
You are engulfed in a cloud of scalding steam.
You die...

#########.D..
#............
#D########.##
#@# #§# #§#
#.# #.# #.#
#.# #.# #.#


You could see a steam dragon.

Vanquished Creatures
  Prince Ribbit (D:5)
  Menkaure (D:6)
  A water moccasin (D:6)
  An ice beast (D:6)
  A sky beast (D:6)
  A black bear (D:5)
  A centaur (D:5)
  Blork the orc (D:4)
  2 necrophages
  4 scorpions
  2 hounds
  An orc priest (D:5)
  Ijyb (D:5)
  4 iguanas
  6 orc wizards
  7 adders
  A white imp (D:5)
  An ufetubus (D:4)
  A dart slug (D:1)
  6 orcs
  7 ball pythons
  6 bats
  11 endoplasms
  A giant cockroach (D:4)
  11 goblins
  12 hobgoblins
  3 jackals
  4 quokkas
  3 frilled lizards
  10 kobolds
  4 rats
116 creatures vanquished.

Vanquished Creatures (others)
  29 plants (D:3)
29 creatures vanquished.

Grand Total: 145 creatures vanquished

Notes
Turn   | Place    | Note
-------+----------+-------------------------------------------
     0 | D:1      | siradein the Barachi Berserker began the quest for the Orb.
     0 | D:1      | Reached XP level 1. HP: 18/18 MP: 1/1
    77 | D:1      | Reached XP level 2. HP: 22/25 MP: 2/2
   289 | D:1      | You fall into a shaft and drop 1 floor!
   672 | D:2      | Identified the +4 dagger "Fiveaxue" {vamp, Drain Fly rN+
                  | Int+2}
  1101 | D:2      | Reached XP level 3. HP: 30/30 MP: 3/3
  1525 | D:1      | Found a faded altar of an unknown god.
  1560 | D:1      | Reached ** piety under Trog
  1910 | D:3      | Reached XP level 4. HP: 37/37 MP: 4/4
  2234 | D:3      | Found Oxuqer's Jewellery Shop.
  2502 | D:3      | Found a basalt altar of Yredelemnul.
  2502 | D:3      | Found a shadowy altar of Dithmenos.
  2529 | D:3      | Reached XP level 5. HP: 20/43 MP: 5/5
  2817 | D:4      | Found a staircase to the Ecumenical Temple.
  2921 | D:4      | Identified the +6 sling "Meraob" {flame, SInv}
  2974 | D:4      | Reached skill level 5 in Fighting
  2999 | D:4      | Reached XP level 6. HP: 51/51 MP: 6/6
  3076 | D:4      | Reached skill level 5 in Long Blades
  3138 | D:4      | Noticed Blork the orc
  3152 | D:4      | Killed Blork the orc
  3255 | D:4      | Found an opulent altar of Gozag.
  3477 | D:5      | Entered Level 5 of the Dungeon
  3478 | D:5      | Noticed a black bear
  3533 | D:5      | Reached *** piety under Trog
  3590 | D:5      | Reached XP level 7. HP: 55/56 MP: 7/7
  3824 | D:5      | Reached skill level 5 in Armour
  4104 | D:5      | Noticed Ijyb
  4116 | D:5      | Killed Ijyb
  4399 | D:5      | Reached skill level 5 in Dodging
  4726 | D:5      | Found an ornate altar of the Wu Jian Council.
  4726 | D:5      | Found a glowing silver altar of Zin.
  4741 | D:5      | Noticed Prince Ribbit
  4759 | D:5      | Killed Prince Ribbit
  4760 | D:5      | Reached XP level 8. HP: 41/65 MP: 8/8
  5234 | D:6      | Identified the +3 leather armour of Lowyil {Fly Str+4
                  | Slay-2}
  5575 | D:6      | Found Egobav's Jewellery Shop.
  5580 | D:6      | Bought a ring of see invisible for 180 gold pieces
  5607 | D:6      | Noticed Menkaure
  5618 | D:6      | Killed Menkaure
  5619 | D:6      | Reached skill level 1 in Shields
  5627 | D:6      | Reached XP level 9. HP: 37/70 MP: 9/9
  5888 | D:6      | Found Qyafrim's Weapon Shoppe.
  6003 | D:6      | Engulfed by a steam dragon's steam

Illustrated notes

Levels and vault maps discovered:
D:1:      grunt_arrival_lava_bath, layout_rooms, ebering_ecumenical_altar_mist
D:2:      layout_loops_corners, minmay_misc_feat_ornament, minmay_door_square,
          grunt_decor_cap, nrook_uturn, kennysheep_potato
D:3:      layout_loops_ring, gammafunk_temple_overflow_pools, serial_shops,
          nicolae_shop_crystal, serial_bayou, serial_bayou_lagoon_a,
          serial_bayou_pond_b, serial_bayou_pond_e, serial_bayou_pond_d,
          serial_bayou_lake_a
D:4:      minmay_inner_zag, layout_basic,
          mainiacjoe_overflow_concentric_impassable,
          minmay_temple_entry_butterflies, uniq_blork_the_orc
D:5:      layout_basic, gammafunk_temple_overflow_statue, serial_glass,
          glass_columns_a, glass_columns_b, uniq_prince_ribbit1, uniq_ijyb
D:6:      layout_loops_ring, kennysheep_mini, serial_shops,
          nicolae_shop_hallway_stairs, shop, shop, uniq_menkaure

Skill      XL: |  1  2  3  4  5  6  7  8 |
---------------+-------------------------+-----
Fighting       | 4 5 6 7 |  7.6
Long Blades    | 4 5 6 7 |  7.5
Armour         | 3 4 6 7 |  7.1
Dodging        | 3 4 5 6 |  6.4
Shields        | 1 |  1.6

Action                   |  1- 3 |  4- 6 |  7- 9 || total
-------------------------+-------+-------+-------++-------
Melee: Falchion          |    43 |       |       ||    43
       Dagger            |    98 |   187 |   298 ||   583
       Punch             |     1 |     4 |     1 ||     6
 Fire: Sling             |       |       |    15 ||    15
Invok: Berserk           |       |     1 |     2 ||     3
 Abil: Hop               |       |     1 |       ||     1
  Use: Scroll            |       |       |     8 ||     8
Armor: Animal skin       |    12 |       |       ||    12
       Chain mail        |    56 |   106 |   137 ||   299
       Ring mail         |     2 |       |     8 ||    10
Dodge: Dodged            |    77 |    70 |    76 ||   223
Block: Kite shield       |       |       |    41 ||    41

Table legend: (Time is in decaauts)
 A = Elapsed time spent in this place.
 B = Non-inter-level travel time spent in this place.
 C = Inter-level travel time spent in this place.
 D = Time resting spent in this place.
 E = Time spent auto-exploring this place.
 F = Levels seen in this place.
 G = Mean time per level.
                   A        B        C        D        E       F      G
               +--------+--------+--------+--------+--------+-----+--------+
         Total |   6635 |   6305 |    330 |    398 |   4746 |   6 | 1105.8 |
       Dungeon |   6635 |   6305 |    330 |    398 |   4746 |   6 | 1105.8 |
               +--------+--------+--------+--------+--------+-----+--------+

Top non-repeatable levels by time:
     D:5: 1461 daAuts
     D:2: 1371 daAuts
     D:6: 1076 daAuts
     D:3: 1014 daAuts
     D:4: 997 daAuts
     D:1: 713 daAuts
